 Dungeon Crawl Stone Soup version 0.23.2-1-ga50397a (webtiles) character file.

Game seed: 15220662843487577259

192 doot the Firebug (level 5, -8/39 HPs)
             Began as a Draconian Fire Elementalist on May 21, 2019.
             Was an Initiate of Gozag.
             Mangled by Pikel
             ... wielding a +1 whip of freezing
              (10 damage)
             ... on level 4 of the Dungeon.
             The game lasted 00:08:14 (3684 turns).

doot the Firebug (Draconian Fire Elementalist)      Turns: 3684, Time: 00:08:15

Health: -8/39      AC:  5    Str: 10    XL:     5   Next: 42%
Magic:  9/10       EV: 12    Int: 17    God:    Gozag
Gold:   309        SH:  0    Dex: 11    Spells: 1/11 levels left

rFire    x . .     SeeInvis .   j - +1 trident (venom)
rCold    + . .     Gourm    .   (no shield)
rNeg     . . .     Faith    .   (armour unavailable)
rPois    .         Spirit   .   (helmet restricted)
rElec    .         Reflect  .   (no cloak)
rCorr    .         Harm     .   (no gloves)
MR       .....                  (no boots)
Stlth    ++........             (no amulet)
HPRegen  0.13/turn              k - ring of ice
MPRegen  0.12/turn              (no ring)

@: flying
A: unfitting armour, cold-blooded, AC +5
a: Potion Petition, Call Merchant, Bribe Branch, Renounce Religion


You were on level 4 of the Dungeon.
You worshipped Gozag.
Gozag was aware of your devotion.
You were very hungry.

You visited 1 branch of the dungeon, and saw 4 of its levels.

You collected 309 gold pieces.

Inventory:

Hand Weapons
 d - a +0 dagger
 g - a +0 short sword
 j - a +1 trident of venom (weapon)
 n - a +1 dagger of venom
Jewellery
 k - a ring of ice (left hand)
Scrolls
 a - a scroll of amnesia {unknown}
 h - 2 scrolls of teleportation {unknown}
 i - 2 scrolls of identify {unknown}
 p - a scroll of immolation {unknown}
 r - a scroll of magic mapping {unknown}
Potions
 c - a potion of degeneration {unknown}
 e - 2 potions of curing {unknown}
 f - a potion of cancellation {unknown}
 l - 3 potions of lignification {unknown}
 m - 3 potions of flight
 o - a potion of agility {unknown}
 q - 2 potions of mutation {unknown}
Comestibles
 b - 11 rations


   Skills:
 + Level 0.3 Fighting
 + Level 0.7 Short Blades
 + Level 2.0 Dodging
 + Level 2.4 Stealth
 + Level 3.5 Spellcasting
 + Level 2.1 Conjurations
 + Level 4.1 Fire Magic


You had one spell level left.
You knew the following spells:

 Your Spells              Type           Power        Failure   Level  Hunger
a - Flame Tongue          Conj/Fire      ##...        4%          1    None
b - Throw Flame           Conj/Fire      ##....       7%          2    ##.....
c - Conjure Flame         Conj/Fire      ##......     14%         3    ###....
d - Sticky Flame          Conj/Fire      ##......     41%         4    ####...

Your spell library contained the following spells:

 Spells                   Type           Power        Failure   Level  Hunger
 Inner Flame              Hex/Fire       ##......     22%         3    ###....
 Fireball                 Conj/Fire      ##........   77%         5    ######.


Dungeon Overview and Level Annotations

Branches:
Dungeon (4/15)
 Temple: D:4-7

Altars:
Cheibriados
Gozag

Annotations:
D:4 Pikel


Innate Abilities, Weirdness & Mutations

Your plain brown scales are hard. (AC +5)
You cannot fit into any form of body armour.
You are cold-blooded and may be slowed by cold attacks.


Message History

Pikel is lightly wounded.
Pikel hits you with a +1 whip of freezing.
You hit Pikel.
Pikel is poisoned.
Pikel is lightly wounded.
Pikel misses you.
A slave comes into view.
Pikel scowls and wipes his hands on his robe.
The slave hits you!
* * * LOW HITPOINT WARNING * * *
Pikel cracks his whip.
Pikel hits you with a +1 whip of freezing!
* * * LOW HITPOINT WARNING * * *
Pikel freezes you.
* * * LOW HITPOINT WARNING * * *
It was a potion of flight.
You feel very buoyant.
You fly up into the air.
The slave closely misses you.
Pikel hits you with a +1 whip of freezing!
You die...
Your body crumbles into a pile of gold.

#.....+ #....#
#########...)##
#............)#
#>.........>.<#
+.............#
#.............#
#.............#
#........@....#
##....##Kp..###
##....##.p..#
#.....#.....#
#.....#.....#
#.....#..p..#
#.....##....#
#....##.p..##
.##...........#


You could see Pikel and 4 slaves.

Vanquished Creatures
  A centaur skeleton (D:4)
  Robin (D:3)
  6 adders
  2 worms
  A dart slug (D:4)
  4 leopard geckos
  10 orcs
  A giant cockroach (D:3)
  14 goblins
  9 hobgoblins
  4 jackals (D:4)
  2 kobolds (D:2)
  4 quokkas
  2 ball pythons (D:1)
  3 bats
  6 frilled lizards
  8 rats
78 creatures vanquished.

Notes
Turn   | Place    | Note
-------+----------+-------------------------------------------
     0 | D:1      | doot the Draconian Fire Elementalist began the quest for
                  | the Orb.
     0 | D:1      | Reached XP level 1. HP: 14/14 MP: 3/3
   448 | D:1      | Reached XP level 2. HP: 17/20 MP: 0/5
  1313 | D:2      | Reached XP level 3. HP: 20/26 MP: 0/6
  1333 | D:2      | Learned a level 2 spell: Throw Flame
  1338 | D:2      | Learned a level 3 spell: Conjure Flame
  1619 | D:2      | Found a snail-covered altar of Cheibriados.
  2575 | D:3      | Reached XP level 4. HP: 33/33 MP: 4/8
  3040 | D:3      | Found a faded altar of an unknown god.
  3050 | D:3      | Became a worshipper of Gozag Ym Sagoz the Greedy
  3085 | D:3      | Noticed Robin
  3124 | D:3      | Killed Robin
  3308 | D:4      | Reached XP level 5. HP: 12/38 MP: 7/10
  3326 | D:4      | Noticed Pikel
  3327 | D:4      | Noticed a slave
  3328 | D:4      | Noticed a slave
  3345 | D:4      | Noticed a slave
  3566 | D:4      | Learned a level 4 spell: Sticky Flame
  3578 | D:4      | Reached skill level 4 in Fire Magic
  3674 | D:4      | Noticed a slave
  3684 | D:4      | Mangled by Pikel

Skill      XL: |  1  2  3  4  5 |
---------------+----------------+-----
Stealth        | 2 |  2.4
Dodging        | 2 |  2.0
Spellcasting   | 3 |  3.5
Conjurations   | 2 |  2.1
Fire Magic     | 4 |  4.1
Fighting       | |  0.3
Short Blades   | |  0.7

Action                   |  1- 3 |  4- 6 || total
-------------------------+-------+-------++-------
Melee: Short sword       |     2 |     1 ||     3
       Dagger            |       |    42 ||    42
       Tailslap          |       |     6 ||     6
       Trident           |       |    16 ||    16
 Cast: Flame Tongue      |    80 |    32 ||   112
       Throw Flame       |     4 |     5 ||     9
  Use: Potion            |       |     1 ||     1
 Stab: Distracted        |       |     1 ||     1
  Eat: Chunk             |     6 |     3 ||     9
Armor: Skin              |     8 |    14 ||    22
Dodge: Dodged            |    28 |    35 ||    63
